Map: Blackburn LE

Players

Serral

  • Race: Zerg Zerg
  • League: Master

LiquidClem (Clem) - Winner!

  • Race: Terran Terran
  • League: Master

VOD

Have the link to the VOD?

Description

Time

  • Played on: Oct. 24, 2021, 5:22 p.m.
  • Length: 13:40
Show
View Real Time Build Order
Export as new Build Order

Serral Zerg 

Build Orders: Hatch First 

Get SALT Encoding   

  12  0:00  Drone  
  13  0:13  Overlord  
  13  0:16  Drone  
  14  0:31  Drone x2  
  16  0:48  Hatchery  
  15  0:51  Drone  
  15  0:55  Drone  
  17  0:57  Drone  
  18  1:08  Extractor  
  17  1:13  Spawning Pool  
  17  1:16  Drone  
  17  1:19  Drone  
  18  1:28  Drone  
  19  1:39  Drone  
  20  1:50  Overlord  
  20  2:00  Queen x2  
  25  2:01  Zergling x4  
  26  2:11  Drone x2, Metabolic Boost  
  28  2:22  Drone x2  
  30  2:33  Drone  
  30  2:34  Drone  
  30  2:35  Queen  
  34  2:44  Overlord  
  34  2:45  Drone  
  35  2:55  Overlord  
  35  3:02  Queen  
  35  3:03  Zergling x2  
  35  3:04  Zergling x2  
  39  3:08  Drone  
  39  3:09  Drone x2  
  39  3:10  Drone x2  
  44  3:16  Drone x2  
  44  3:19  Queen  
  46  3:27  Drone x2  
  50  3:35  Overlord  
  50  3:36  Hatchery  
  50  3:41  Drone x3  
  52  3:52  Overlord  
  52  3:53  Queen  
  52  3:55  Zergling x2  
  55  3:56  Drone  
  55  3:57  Drone  
  55  3:58  Queen  
  59  4:07  Drone  
  60  4:11  Extractor  
  60  4:14  Overlord x2  
  60  4:16  Drone, Evolution Chamber x2  
  58  4:20  Drone x3  
  61  4:26  Zergling x2  
  61  4:28  Drone x3  
  61  4:30  Overlord  
  65  4:39  Drone  
  65  4:40  Drone x3  
  65  4:42  Zerg Ground Armor Level 1  
  65  4:45  Zerg Melee Weapons Level 1  
  69  4:49  Queen  
  71  4:53  Spore Crawler  
  71  4:55  Spore Crawler  
  71  4:59  Drone x3  
  72  5:02  Drone  
  72  5:03  Drone  
  72  5:06  Drone x2  
  72  5:07  Drone  
  77  5:10  Drone, Spore Crawler  
  77  5:15  Drone x4  
  81  5:21  Lair  
  81  5:23  Drone  
  81  5:26  Drone x2, Baneling Nest  
  81  5:27  Drone  
  84  5:30  Drone x2  
  84  5:33  Overlord  
  84  5:34  Extractor x2  
  84  5:37  Overlord  
  84  5:39  Drone x2, Extractor  
  85  5:44  Drone x4  
  85  5:45  Drone  
  85  5:47  Overlord  
  90  5:54  Hatchery  
  89  6:01  Zergling x14  
  93  6:07  Drone x3  
  92  6:15  Drone x7  
  92  6:17  Drone x2  
  95  6:20  Overseer  
  95  6:22  Centrifugal Hooks  
  95  6:23  Drone  
  95  6:24  Drone  
  94  6:25  Drone  
  93  6:35  Zergling x4  
  93  6:37  Hydralisk Den  
  93  6:38  Overseer  
  94  6:43  Zergling x6  
  95  6:52  Zergling x14  
  102  6:55  Zerg Melee Weapons Level 2  
  102  7:02  Zergling x2  
  102  7:03  Spore Crawler, Zergling x10  
  102  7:05  Zerg Ground Armor Level 2  
  107  7:11  Drone x3  
  110  7:19  Overlord  
  110  7:20  Zergling x4  
  110  7:21  Muscular Augments  
  111  7:25  Queen  
  111  7:26  Drone  
  111  7:29  Zergling x12  
  120  7:32  Baneling x10  
  120  7:37  Overlord x2  
  120  7:40  Overlord  
  119  8:00  Zergling x36  
  137  8:08  Zergling x2  
  137  8:09  Zergling x4  
  134  8:13  Baneling  
  134  8:14  Baneling x7  
  134  8:16  Overlord x2  
  133  8:25  Hydralisk x5  
  142  8:33  Grooved Spines, Overlord x3  
  142  8:39  Overlord  
  123  8:41  Zergling x10  
  123  8:45  Zergling x4  
  130  8:50  Zergling x14  
  130  8:54  Hydralisk x5  
  147  8:58  Baneling x4  
  147  8:59  Baneling x3  
  145  9:03  Hydralisk x3  
  145  9:09  Hydralisk  
  153  9:13  Zergling x4  
  153  9:16  Hydralisk  
  153  9:17  Hydralisk x4  
  151  9:18  Zergling x4  
  163  9:25  Zergling x8  
  163  9:26  Baneling  
  163  9:27  Baneling x5  
  163  9:32  Zergling x6  
  163  9:38  Baneling x2  
  163  9:40  Zergling x8  
  163  9:45  Zergling x18  
  175  9:50  Zergling x6  
  161  9:57  Zergling x2  
  158  10:02  Baneling x11  
  158  10:04  Zergling x10  
  158  10:05  Baneling, Zergling x2  
  158  10:06  Baneling  
  155  10:10  Zergling x2  
  155  10:18  Zergling x20  
  159  10:21  Hatchery  
  159  10:23  Zerg Missile Weapons Level 1, Hydralisk x2  
  160  10:29  Zergling x8  
  153  10:40  Zergling x2  
  153  10:41  Zergling x8  
  148  10:46  Hydralisk x8  
  148  10:47  Infestation Pit  
  147  10:55  Zergling x8  
  144  11:02  Zergling x8  
  139  11:05  Zergling x4  
  139  11:07  Overseer  
  132  11:11  Hydralisk x2  
  132  11:12  Zergling x16  
  132  11:14  Baneling  
  132  11:15  Baneling  
  132  11:16  Baneling x8  
  132  11:17  Zergling x4  
  142  11:26  Zergling x6  
  142  11:30  Hive  
  142  11:32  Zergling x10  
  150  11:37  Zergling x6  
  153  11:43  Zergling x16  
  155  11:49  Pneumatized Carapace  
  155  11:50  Overseer  
  155  11:54  Zergling x2  
  155  11:55  Zergling x10  
  161  12:05  Overlord x3  
  161  12:06  Overlord  
  160  12:10  Baneling  
  160  12:11  Baneling x8  
  160  12:14  Baneling x3  
  160  12:21  Zergling x2  
  160  12:22  Zergling x16  
  162  12:26  Zergling x8  
  154  12:31  Drone  
  154  12:32  Drone x4  
  154  12:35  Zergling x8  
  161  12:43  Drone x2  
  161  12:44  Drone x5  
  155  12:51  Zergling x10  
  160  13:04  Baneling x3  
  155  13:19  Zergling x24  
Show
View Real Time Build Order
Export as new Build Order

LiquidClem Terran - Winner!

Build Orders: Hellion Banshee 

Get SALT Encoding   

  12  0:00  SCV  
  13  0:12  SCV  
  14  0:17  Supply Depot  
  14  0:24  SCV  
  15  0:38  SCV  
  15  0:39  Barracks  
  16  0:43  Refinery  
  16  0:50  SCV  
  17  1:02  SCV  
  18  1:14  SCV  
  20  1:25  Reaper  
  20  1:26  Orbital Command  
  20  1:39  Command Center  
  20  1:48  Supply Depot  
  20  1:52  SCV  
  21  1:57  Marine  
  22  2:04  SCV  
  23  2:11  Factory  
  23  2:16  SCV  
  23  2:18  Engineering Bay  
  23  2:21  Barracks Reactor  
  24  2:29  SCV  
  25  2:41  SCV  
  26  2:52  Orbital Command  
  26  2:53  SCV  
  26  2:57  Command Center  
  27  3:06  Starport  
  27  3:09  SCV  
  28  3:14  Hellion  
  28  3:19  Hellion  
  32  3:21  SCV  
  32  3:23  SCV  
  32  3:26  Refinery  
  34  3:33  SCV  
  35  3:35  SCV  
  35  3:36  Barracks Tech Lab, Hellion  
  35  3:40  Hellion  
  40  3:45  SCV  
  40  3:48  SCV  
  42  3:57  SCV, Banshee  
  46  4:06  Cloaking Field  
  46  4:09  SCV x2, Hellion x2  
  51  4:10  Orbital Command  
  51  4:15  Supply Depot  
  51  4:16  Barracks Tech Lab  
  51  4:21  SCV x2  
  55  4:32  Barracks  
  55  4:33  SCV  
  55  4:34  Barracks  
  55  4:35  Marine, Stimpack  
  55  4:37  SCV  
  56  4:38  SCV  
  56  4:42  Supply Depot  
  56  4:43  Refinery  
  57  4:47  Banshee  
  57  4:48  SCV  
  57  4:50  SCV  
  63  4:53  Refinery  
  63  4:55  Marine  
  63  4:58  Orbital Command  
  63  5:00  SCV  
  63  5:02  Factory Reactor, SCV  
  63  5:05  Supply Depot  
  65  5:12  Barracks x2, SCV  
  65  5:13  Marine  
  67  5:16  Engineering Bay  
  67  5:18  Engineering Bay  
  67  5:22  SCV  
  67  5:25  SCV  
  67  5:26  SCV  
  67  5:27  Supply Depot  
  70  5:29  Marine x2  
  70  5:33  Supply Depot  
  70  5:34  SCV  
  71  5:37  SCV  
  71  5:39  Marine  
  71  5:41  SCV  
  71  5:42  Supply Depot  
  74  5:44  Starport Reactor  
  74  5:45  Supply Depot  
  74  5:46  SCV  
  74  5:47  Marine  
  74  5:49  Marine x2, SCV  
  79  5:53  Terran Infantry Weapons Level 1, SCV  
  79  5:55  Terran Infantry Armor Level 1  
  80  5:58  Marine  
  80  5:59  Marine, SCV  
  80  6:01  Barracks Reactor  
  80  6:02  SCV  
  84  6:07  Marine x2  
  84  6:09  SCV  
  87  6:16  Combat Shield  
  87  6:17  Barracks Reactor  
  85  6:19  Marine  
  85  6:20  SCV  
  85  6:21  Marine  
  85  6:23  Medivac x2, Siege Tank  
  85  6:24  Marine  
  85  6:25  Marine  
  94  6:26  Supply Depot, SCV  
  94  6:28  Marine  
  94  6:31  SCV  
  98  6:33  Refinery  
  98  6:35  Factory  
  98  6:36  Supply Depot  
  98  6:37  Marine  
  98  6:39  Supply Depot  
  99  6:41  Marine  
  99  6:42  Armory  
  99  6:43  Marine x2  
  99  6:45  Marine  
  99  6:47  Marine, SCV  
  103  6:48  SCV  
  103  6:50  Marine  
  103  6:52  SCV  
  108  6:55  Marine  
  108  6:57  Marine  
  110  7:02  Siege Tank  
  110  7:05  Marine x4  
  110  7:06  Marine  
  118  7:11  Command Center  
  118  7:13  SCV x2  
  118  7:14  Marine  
  121  7:19  Marine  
  121  7:22  Factory Reactor  
  119  7:29  Marine x3  
  121  7:30  Marine x4  
  121  7:32  Marine  
  121  7:34  Widow Mine  
  129  7:44  Marine  
  129  7:45  Medivac x2  
  129  7:46  Marine, Drilling Claws  
  129  7:47  Terran Infantry Weapons Level 2  
  129  7:51  Marine, Supply Depot x3, SCV  
  136  7:52  Marine  
  136  7:53  Sensor Tower  
  136  7:58  Marine, Widow Mine  
  141  8:02  Marine  
  141  8:03  Terran Infantry Armor Level 2  
  141  8:05  Marine x3, Supply Depot  
  141  8:06  Widow Mine x2  
  141  8:09  Marine x2  
  141  8:10  Marine, SCV  
  141  8:11  Marine  
  148  8:16  Marine, SCV  
  148  8:19  Widow Mine  
  152  8:20  Marine  
  152  8:21  SCV  
  152  8:22  Supply Depot  
  152  8:23  Marine  
  152  8:26  Medivac x2  
  159  8:27  Marine, Widow Mine x2  
  159  8:28  Marine x2  
  159  8:32  Marine x2  
  168  8:41  Widow Mine  
  146  8:46  Marine x2  
  148  8:49  Widow Mine x2  
  148  8:52  Marine x2  
  148  8:54  Planetary Fortress  
  151  8:56  Medivac x2, SCV x2  
  151  8:57  Marine  
  151  9:01  Marine  
  151  9:02  Widow Mine  
  160  9:04  Marine  
  160  9:05  SCV  
  160  9:06  Marine x3  
  160  9:07  Marine  
  166  9:10  Widow Mine  
  166  9:13  Barracks x2  
  166  9:15  Barracks  
  166  9:16  Widow Mine  
  160  9:17  Marine  
  160  9:22  SCV x2  
  160  9:23  Terran Vehicle And Ship Armor Level 1  
  163  9:25  Marine x3, Widow Mine  
  163  9:28  SCV  
  168  9:32  Widow Mine  
  168  9:33  Medivac x2  
  168  9:38  Marine x2  
  167  9:46  Marine, Widow Mine  
  167  9:52  Widow Mine  
  157  9:53  Marine  
  157  9:55  Marine x3  
  157  9:56  Widow Mine  
  157  9:58  SCV  
  157  9:59  SCV  
  153  10:01  SCV, Command Center  
  153  10:03  Marine, Medivac  
  153  10:05  Medivac, Barracks Tech Lab  
  153  10:06  Marine, Barracks Tech Lab x2  
  153  10:07  Marine x2, Widow Mine  
  141  10:18  Widow Mine  
  141  10:20  Marine x5  
  133  10:23  Terran Infantry Weapons Level 3  
  133  10:24  Marine  
  133  10:25  Marine x3  
  133  10:28  SCV x2  
  125  10:31  Marine, Widow Mine  
  125  10:33  Medivac  
  125  10:35  Marine x2  
  122  10:36  Widow Mine  
  122  10:38  Marine x2  
  122  10:40  Marine, Widow Mine  
  122  10:42  Marine x2  
  123  10:43  Marine  
  123  10:47  Marine x2  
  123  10:49  Marine x2  
  122  10:52  Marine, SCV, Widow Mine  
  122  10:55  Marine  
  119  11:04  Marine, Widow Mine  
  113  11:05  Marine x2  
  113  11:06  Marine x5  
  113  11:07  Marine, SCV  
  113  11:10  SCV  
  113  11:11  SCV  
  123  11:15  Marine  
  123  11:18  Marine  
  125  11:20  SCV  
  125  11:26  Marine, Widow Mine x3  
  125  11:28  SCV  
  133  11:33  SCV  
  133  11:34  Marine x5, SCV x2  
  133  11:35  Marine  
  142  11:47  Widow Mine x2  
  142  11:48  Marine x4  
  142  11:50  Concussive Shells  
  142  11:51  Marauder x2  
  142  11:52  Widow Mine  
  156  11:55  SCV  
  156  11:56  Planetary Fortress  
  156  11:58  SCV x2  
  156  12:00  SCV  
  160  12:05  Marine  
  160  12:06  Marine x4, Marauder  
  167  12:09  Widow Mine  
  167  12:10  Marauder  
  167  12:15  Medivac  
  173  12:16  Widow Mine  
  169  12:25  Marine x2, Marauder, Widow Mine  
  169  12:26  Marine  
  169  12:28  Marine x2  
  164  12:30  Widow Mine  
  164  12:35  SCV, Sensor Tower  
  167  12:37  Widow Mine  
  167  12:38  Marine x2, Marauder  
  171  12:46  Widow Mine  
  171  12:48  Medivac  
  171  12:49  Marine x4  
  177  12:51  Widow Mine  
  177  12:53  Command Center  
  177  12:55  SCV  
  177  12:58  Marine, Marauder  
  178  12:59  Widow Mine  
  179  13:08  Widow Mine  
  179  13:11  Marauder  
  181  13:13  Widow Mine  
  181  13:15  SCV  
  181  13:19  Marine x2  
  188  13:21  Marine x2  
Tags
 
Add a new tag
Caveats
  • Supply blocks, unpowered buildings, or Contaminate may cause inaccurate times.
  • Supply counts are checked every 10 seconds.